 Dungeon Crawl Stone Soup version 0.30-a0-341-g682706514a (webtiles) character file.

Game seed: 4355157121690135903

4674 koil the Ruffian (level 10, 0/86 HPs)
             Began as a Yellow Draconian Transmuter on Nov 4, 2022.
             Succumbed to a hornet's poison
             ... on level 8 of the Dungeon.
             The game lasted 00:28:43 (8935 turns).

koil the Ruffian (Yellow Draconian Transmuter)      Turns: 8935, Time: 00:28:44

Health: 0/86       AC: 12    Str: 14    XL:     10   Next: 21%
Magic:  19/19      EV: 14    Int: 15    God:
Gold:   510        SH:  0    Dex: 11    Spells: 15/21 levels left

rFire   . . .      SeeInvis .      - Unarmed
rCold   . . .      Faith    .    (no shield)
rNeg    . . .      Spirit   .    (body armour unavailable)
rPois   .          Reflect  .    (helmet currently unavailable)
rElec   .          Harm     .    s - +0 cloak
rCorr   +          Rampage  .    (no gloves)
Will    .....                    (boots currently unavailable)
Stlth   +.........               (no amulet)
HPRegen 0.34/turn                e - +4 ring of slaying
MPRegen 0.16/turn                k - +4 ring of protection

@: lethally poisoned (0 -> -8), appendages, slowed, very slow
A: horns 2, talons 2, spit acid, AC +7, unfitting armour, cold-blooded, acid
resistance, claws 1, dopey 1
a: Breathe Acid, End Transformation


You were on level 8 of the Dungeon.
You had temporarily grown beastly horns and talons.
You visited 1 branch of the dungeon, and saw 9 of its levels.
You also visited: Sewer.

You collected 510 gold pieces.

Inventory:

Hand Weapons
 x - the +5 rapier "Coanliy" {vorpal, rCorr Str+2}
   (You found it on level 5 of the Dungeon)

   It inflicts extra damage upon your enemies.
   Str:       It affects your strength (+2).
   rCorr:     It protects you from acid and corrosion.
 A - a +2 dagger of draining
 D - a +5 vorpal war axe
 O - the +10 morningstar "Eos" {elec, Halo rElec}
   (You found it on level 7 of the Dungeon)

   It occasionally discharges a powerful burst of electricity upon striking a
   foe.
   It grants its wielder a halo, revealing invisible creatures and increasing
   accuracy against all within it other than the wielder.
   rElec:     It insulates you from electricity.
 P - a +0 arbalest
 R - a +4 short sword
 T - a +1 dagger of venom
 U - a +0 dagger of draining
Missiles
 B - 17 poisoned darts
 J - 6 curare-tipped darts
Armour
 s - a +0 cloak (worn)
 I - an orb of guile
 K - a +0 cloak
 L - a +0 cloak
Magical Staves
 h - a staff of death
 S - a staff of death
Jewellery
 e - a +4 ring of slaying (left claw)
 k - a +4 ring of protection (right claw)
 y - an amulet of guardian spirit
 z - a ring of ice
 N - the amulet of Elemental Vulnerability {rPois rF-- rC-- AC+8}
   (You found it on level 7 of the Dungeon)

   [amulet of nothing]

   AC:        It affects your AC (+8).
   rF:        It makes you very vulnerable to fire.
   rC:        It makes you very vulnerable to cold.
   rPois:     It protects you from poison.
 Q - a +4 ring of protection
Wands
 C - a wand of quicksilver (5)
Scrolls
 b - 2 scrolls of amnesia {unknown}
 d - 5 scrolls of vulnerability {unknown}
 f - 3 scrolls of immolation {unknown}
 g - a scroll of brand weapon {unknown}
 m - 7 scrolls of identify {unknown}
 n - 2 scrolls of fear {unknown}
 o - 2 scrolls of poison {unknown}
 r - 2 scrolls of blinking {unknown}
 t - 3 scrolls of silence {unknown}
 v - 4 scrolls of teleportation {unknown}
 E - 2 scrolls of noise
 F - a scroll of summoning {unknown}
 G - 2 scrolls of magic mapping {unknown}
Potions
 a - a potion of lignification
 c - 2 potions of curing
 i - 2 potions of mutation
 j - a potion of invisibility {unknown}
 l - 2 potions of haste {unknown}
 p - 4 potions of heal wounds {unknown}
 q - 4 potions of flight
 u - 2 potions of degeneration
 w - 2 potions of attraction {unknown}
 H - a potion of ambrosia {unknown}
 M - a potion of resistance {unknown}


   Skills:
 + Level 7.3 Fighting
 + Level 6.3 Dodging
 + Level 7.4 Unarmed Combat
 + Level 6.4 Spellcasting
 + Level 7.0 Transmutations


You had 15 spell levels left.
You knew the following spells:

 Your Spells              Type           Power      Damage    Failure   Level
a - Beastly Appendage     Tmut           52%        N/A       1%          1
b - Wereblood             Tmut           26%        N/A       1%          2
c - Spider Form           Tmut/Pois      15%        N/A       10%         3

Your spell library contained the following spells:

 Spells                   Type           Power      Damage    Failure   Level
 Blade Hands              Tmut           13%        N/A       22%         5
 Ice Form                 Ice/Tmut       15%        N/A       32%         4
 Portal Projectile        Hex/Tloc       8%         N/A       38%         3
 Tukima's Dance           Hex            4%         N/A       38%         3


Dungeon Overview and Level Annotations

Branches:
Dungeon (9/15)             Temple (0/1) D:4           Sewer (visited)
   Lair: D:8-11         Orc: D:9-12

Altars:
Ashenzari
Fedhas
Kikubaaqudgha
Makhleb
Nemelex Xobeh
Sif Muna
Uskayaw

Shops:
D:3 *[   D:5 [

Annotations:
D:8 3 runed translucent doors, purpskrrrp's ghost, journeyman DjEE


Innate Abilities, Weirdness & Mutations

You have temporarily grown beastly horns and talons.
You can spit globs of acid.
Your golden yellow scales are hard. (AC +7)
You cannot fit into any form of body armour.
You are cold-blooded and may be slowed by cold attacks.
You are resistant to acid. (rCorr)
You have sharp fingernails.
You are dopey. (Int -2)


Message History

The hornet closely misses you.
The centaur shoots an arrow.
The arrow hits you.
You climb upwards.
Level annotation: 3 runed translucent doors, purpskrrrp's ghost, journeyman DjEE You feel less confused.
There is a stone staircase leading down here.
You extend your transformation's duration.
The hornet stings you!
You suddenly lose the ability to move!
The hornet stings you!
You are poisoned.
You feel yourself slow down.
You feel sick. The hornet stings you.
You feel as though you will be slow longer.
You can move again.
You hit the hornet. You claw the hornet, but do no damage.
You headbutt the hornet! Your punch misses the hornet.
The hornet is moderately wounded.
You feel very sick. The hornet misses you. The hornet stings you!
You are more poisoned.
You feel as though you will be slow longer.
You barely miss the hornet. Your kick misses the hornet.
The hornet is moderately wounded.
You feel very sick. The hornet stings you!
* * * LOW HITPOINT WARNING * * *
You feel as though you will be slow longer.
The hornet stings you.
* * * LOW HITPOINT WARNING * * *
You shrug off the repeated paralysis!
You closely miss the hornet. You claw the hornet.
Your headbutt misses the hornet.
The hornet is heavily wounded.
You feel very sick. The hornet stings you!
* * * LOW HITPOINT WARNING * * *
You feel as though you will be slow longer.
The hornet misses you.
It was a potion of mutation.
You feel extremely strange.
You feel stupid.
Your fingernails lengthen.
You die...

#....# #.##.# ########
#######.##.#####.......
#..........#...........
#.#####.####.###.......
#.............##.......
#######.####..8########
#...y........#.....8#
##÷#@........#W.##..#
#†#.........#o.#8..#
#.#.######..#o.##..#
#.#......#..#o#....#
#........#..+o#...[#
##......#...+o#o8._#
#....#.....+o#o..[#
#....##.#..#o#...)#
#....##.#..#o.##..#


You could see a hornet.

Vanquished Creatures
  Prince Ribbit (D:7)
  Sigmund (D:3)
  6 yaks (D:8)
  3 steam dragons
  3 water moccasins
  An orc warrior (D:8)
  A sky beast (D:7)
  2 black bears
  An ice beast (D:7)
  3 centaurs
  An ogre (D:4)
  2 kobold brigands (D:8)
  Blork the orc (D:6)
  A bullfrog (D:6)
  2 necrophages
  A gnoll sergeant (D:8)
  A scorpion (D:5)
  4 wights (D:8)
  4 killer bees (D:8)
  2 electric eels (D:8)
  A hound (D:6)
  5 orc priests
  3 jellies
  2 gnoll boudas
  4 iguanas (D:5)
  Jessica (D:2)
  Natasha (thrice) (D:3)
  2 orc wizards (D:8)
  A mummy (D:7)
  22 gnolls
  9 adders
  4 river rats (Sewer)
  3 shadow imps
  An ufetubus (D:6)
  8 worms
  3 dart slugs
  18 orcs
  10 bats
  9 endoplasms
  2 giant cockroaches
  5 goblins
  3 hobgoblins
  5 jackals
  5 quokkas
  10 ball pythons
  6 frilled lizards
  14 kobolds
  4 rats
204 creatures vanquished.

Vanquished Creatures (others)
  An orc wizard (D:7)
  11 plants (D:3)
12 creatures vanquished.

Grand Total: 216 creatures vanquished

Notes
Turn   | Place    | Note
-------+----------+-------------------------------------------
     0 | D:1      | koil the Draconian Transmuter began the quest for the Orb.
     0 | D:1      | Reached XP level 1. HP: 16/16 MP: 3/3
   247 | D:1      | Reached XP level 2. HP: 23/23 MP: 5/5
   253 | D:1      | Learned a level 2 spell: Wereblood
   723 | D:2      | Reached XP level 3. HP: 29/29 MP: 4/6
   769 | D:2      | Noticed Jessica
   780 | D:2      | Killed Jessica
   929 | D:2      | Reached XP level 4. HP: 36/36 MP: 7/7
  1186 | D:3      | Found Kahas's General Store.
  1192 | D:3      | Noticed Sigmund
  1209 | D:3      | Killed Sigmund
  1210 | D:3      | Reached XP level 5. HP: 34/45 MP: 7/9
  1409 | D:3      | Noticed Natasha
  1414 | D:3      | Killed Natasha
  1415 | D:3      | Reached XP level 6. HP: 51/51 MP: 8/10
  1871 | D:3      | Noticed Natasha
  1884 | D:3      | Killed Natasha
  1942 | D:3      | Noticed Natasha
  1949 | D:3      | Killed Natasha
  2015 | D:3      | Found Xuxureth's Armour Boutique.
  2234 | D:4      | Found a staircase to the Ecumenical Temple.
  2556 | D:4      | Found a blossoming altar of Fedhas.
  2627 | D:4      | Found a broken altar of Ashenzari.
  2627 | D:4      | Found a shimmering blue altar of Sif Muna.
  2641 | D:4      | Your scales start taking on a golden yellow colour.
  2641 | D:4      | Reached XP level 7. HP: 58/58 MP: 10/12
  2641 | D:4      | Gained mutation: You are resistant to acid. (rCorr) [Yellow
                  | Draconian growth]
  2981 | D:5      | Entered Level 5 of the Dungeon
  3292 | D:5      | Found Rippahi's Antique Armour Emporium.
  3357 | D:5      | Identified the +5 rapier "Coanliy" {vorpal, rCorr Str+2}
  3757 | D:5      | Reached skill level 5 in Unarmed Combat
  3991 | D:6      | Noticed Blork the orc
  3998 | D:6      | Reached XP level 8. HP: 58/67 MP: 12/14
  4012 | D:6      | Killed Blork the orc
  4091 | D:6      | Found a glowing drain.
  4114 | Sewer    | Entered a sewer
  4126 | Sewer    | Learned a level 3 spell: Spider Form
  5005 | D:6      | Reached skill level 5 in Fighting
  5005 | D:6      | Reached skill level 5 in Transmutations
  5741 | D:6      | Found a hide-covered altar of Uskayaw.
  5879 | D:6      | Identified the +1 robe of Sorcery {Int+2 Dex-2 SInv}
  6006 | D:7      | Reached skill level 5 in Spellcasting
  6026 | D:7      | Reached skill level 5 in Dodging
  6036 | D:7      | Noticed Prince Ribbit
  6049 | D:7      | HP: 1/69 [Prince Ribbit (12)]
  6276 | D:7      | Killed Prince Ribbit
  6277 | D:7      | Reached XP level 9. HP: 67/75 MP: 16/16
  6499 | D:7      | Found the amulet of Elemental Vulnerability {rPois rF--
                  | rC-- AC+8}
  6514 | D:7      | Found a shimmering blue altar of Sif Muna.
  6593 | D:7      | Found a sparkling altar of Nemelex Xobeh.
  6669 | D:7      | Found the +10 morningstar "Eos" {elec, Halo rElec}
  7106 | D:7      | Found a burning altar of Makhleb.
  7818 | D:8      | Found an ancient bone altar of Kikubaaqudgha.
  8345 | D:8      | Found a runed translucent gate.
  8347 | D:8      | Found a runed translucent gate.
  8348 | D:8      | Found a runed translucent gate.
  8349 | D:8      | Noticed purpskrrrp's ghost (journeyman DjEE)
  8366 | D:8      | Reached XP level 10. HP: 81/86 MP: 19/19
  8930 | D:8      | Paralysed by a hornet for 2 turns
  8934 | D:8      | HP: 3/86 [hornet (13)]
  8935 | D:8      | Gained mutation: You are dopey. (Int -2) [potion of
                  | mutation]
  8935 | D:8      | Gained mutation: You have sharp fingernails. [potion of
                  | mutation]
  8935 | D:8      | Succumbed to a hornet's poison

Illustrated notes

Levels and vault maps discovered:
D:1:      amcnicky_arrival_gap_in_the_tavern_cellar, layout_rooms,
          minmay_misc_feat_iff
D:2:      layout_loops_ring, uniq_jessica
D:3:      minmay_inner_zag, layout_basic, serial_shops,
          nicolae_shop_behind_doors, shop, minmay_large_rounded_square,
          chequers_serial_rivers_micro_a, chequers_big_river, uniq_natasha,
          uniq_sigmund
D:4:      layout_loops_ring, gammafunk_temple_overflow_statue,
          mainiacjoe_overflow_surrounded_room, minmay_temple_entry_statues
D:5:      layout_loops_cross, serial_shops, nicolae_shop_hallway_stairs
D:6:      cheibrodos_helix_gallery, layout_basic,
          mainiacjoe_overflow_six_doors_small, cheibrodos_sewer_entry_sluice,
          uniq_blork_the_orc
D:7:      layout_loops_ring, bloody_makhleb, gup_ossuary_entry_pyramid,
          hangedman_feature_mirror, uniq_prince_ribbit1
D:8:      layout_basic, nicolae_overflow_crystal_walls,
          biasface_ghost_orc_armoury
D:9:      layout_cave_pools, trog_ov_bears_minmay, david_lair_shrubbed,
          minmay_variable_closet, minivault_5

Skill      XL: |  1  2  3  4  5  6  7  8  9 10 |
---------------+-------------------------------+-----
Dodging        | 2 3 4 5 6 |  6.3
Fighting       | 2 3 4 5 7 |  7.3
Spellcasting   | 3 4 5 6 |  6.4
Transmutations | 3 4 5 6 7 |  7.0
Unarmed Combat | 4 5 6 7 |  7.4

Action                   |  1- 3 |  4- 6 |  7- 9 | 10-12 || total
-------------------------+-------+-------+-------+-------++-------
Melee: Unarmed           |    71 |    88 |   373 |    29 ||   561
       Tailslap          |     7 |     8 |    47 |     7 ||    69
       Kick              |     3 |    20 |    77 |    13 ||   113
       Punch             |     1 |     1 |    16 |     2 ||    20
       Headbutt          |       |     6 |    51 |     7 ||    64
 Cast: Beastly Appendage |     4 |    25 |    40 |     4 ||    73
       Wereblood         |       |       |     7 |     2 ||     9
 Abil: Breathe Acid      |       |       |     1 |       ||     1
  Use: Potion            |       |       |     3 |     1 ||     4
 Stab: Sleeping          |     1 |       |       |       ||     1
Armor: Skin              |    18 |    32 |   190 |    11 ||   251
Dodge: Dodged            |    40 |    43 |   317 |    32 ||   432

Table legend: (Time is in decaauts)
 A = Elapsed time spent in this place.
 B = Non-inter-level travel time spent in this place.
 C = Inter-level travel time spent in this place.
 D = Time resting spent in this place.
 E = Time spent auto-exploring this place.
 F = Levels seen in this place.
 G = Mean time per level.
                   A        B        C        D        E       F      G
               +--------+--------+--------+--------+--------+-----+--------+
         Total |   9075 |   8900 |    175 |   1048 |   5909 |  10 |  907.5 |
       Dungeon |   8161 |   7986 |    175 |   1048 |   5286 |   9 |  906.8 |
         Sewer |    913 |    913 |      0 |      0 |    623 |   1 |  913.0 |
               +--------+--------+--------+--------+--------+-----+--------+

Top non-repeatable levels by time:
     D:8: 1600 daAuts
     D:6: 1446 daAuts
     D:7: 1100 daAuts
     D:3: 1055 daAuts
     D:5: 1003 daAuts
   Sewer: 913 daAuts
     D:4: 746 daAuts
     D:2: 676 daAuts
     D:1: 512 daAuts
     D:9: 21 daAuts
